Map: Dash and Terminal LE (Void)

Players

SticklerMac - Winner!

  • Race: Zerg Zerg
  • League: Silver

CycoManiac

  • Race: Terran Terran
  • League: Grandmaster

VOD

Have the link to the VOD?

Description

Time

  • Played on: Sept. 26, 2015, 1:04 p.m.
  • Length: 8:37
Show
View Real Time Build Order
Export as new Build Order

SticklerMac Zerg - Winner!

Build Orders: Hatch First 

Get SALT Encoding   

  12  0:01  Drone  
  13  0:09  Drone  
  14  0:19  Overlord  
  14  0:27  Extractor  
  14  0:28  Drone  
  15  0:38  Drone x2  
  17  0:44  Drone  
  18  0:59  Hatchery  
  18  1:01  Drone  
  18  1:05  Extractor  
  17  1:20  Spawning Pool  
  16  1:28  Drone  
  17  1:34  Drone  
  17  1:36  Drone  
  19  1:40  Drone  
  20  1:54  Drone  
  21  2:03  Drone  
  21  2:06  Metabolic Boost  
  22  2:10  Queen  
  22  2:14  Queen  
  26  2:20  Overlord  
  26  2:23  Drone  
  27  2:30  Drone  
  27  2:35  Overlord  
  28  2:42  Baneling Nest  
  28  2:43  Drone  
  28  2:47  Drone  
  28  2:49  Drone  
  30  2:51  Drone  
  31  2:58  Zergling x4  
  31  3:05  Zergling x4  
  35  3:16  Drone x2  
  35  3:17  Roach Warren  
  36  3:24  Lair  
  36  3:26  Zergling x4  
  38  3:32  Zergling x4  
  38  3:33  Zergling x2  
  41  3:38  Drone x2  
  43  3:42  Drone  
  43  3:45  Overlord  
  44  3:49  Extractor  
  44  3:50  Drone  
  44  3:53  Overlord  
  44  3:55  Overlord  
  44  4:00  Drone, Extractor  
  44  4:05  Drone x3  
  47  4:11  Drone  
  47  4:12  Drone x2  
  50  4:18  Drone x3  
  50  4:21  Drone  
  50  4:23  Drone  
  55  4:27  Overlord  
  55  4:33  Drone  
  55  4:36  Zergling x2  
  55  4:38  Roach x2  
  63  4:53  Roach x6  
  71  5:25  Roach  
  71  5:26  Roach x4  
  72  5:28  Ravager  
  72  5:29  Ravager x2  
  72  5:43  Overlord x2  
  72  5:44  Overlord  
  72  5:56  Overlord x2  
  72  5:57  Overlord  
  72  6:01  Overlord x2  
  72  6:04  Drone  
  73  6:10  Roach x2  
  77  6:16  Glial Reconstitution  
  77  6:19  Roach x2  
  81  6:30  Roach x5  
  81  6:31  Roach x3  
  94  6:52  Roach  
  94  6:53  Roach x3  
  102  7:05  Roach x2  
  102  7:07  Roach x3  
  106  7:18  Ravager x3  
  106  7:19  Ravager x2  
  104  7:36  Roach x5  
  114  7:49  Roach x3  
Show
View Real Time Build Order
Export as new Build Order

CycoManiac Terran 

Build Orders: Liberator Opening 

Get SALT Encoding   

  12  0:01  SCV  
  13  0:16  SCV, Supply Depot  
  14  0:28  SCV  
  14  0:29  Refinery  
  15  0:40  SCV  
  16  0:45  Barracks  
  16  0:53  SCV  
  17  1:05  SCV  
  18  1:17  SCV  
  19  1:32  Marine, Orbital Command  
  19  1:35  Supply Depot  
  20  1:40  Factory  
  20  1:42  Refinery  
  20  1:52  Marine  
  21  1:58  SCV  
  22  2:10  SCV  
  23  2:17  Marine  
  24  2:28  Factory Tech Lab  
  24  2:31  SCV  
  25  2:37  Command Center  
  25  2:40  Starport  
  25  2:47  Marine  
  25  2:48  SCV  
  27  3:00  SCV, Armory  
  27  3:03  Hellion  
  30  3:08  Marine  
  31  3:17  Supply Depot  
  31  3:29  Liberator  
  31  3:39  SCV, Hellion, Marine  
  38  3:51  SCV, Terran Vehicle Weapons Level 1  
  39  3:56  Orbital Command  
  39  4:00  Hellion  
  41  4:03  SCV  
  41  4:08  Marine  
  43  4:12  Liberator  
  43  4:15  SCV  
  46  4:24  Hellion  
  46  4:25  SCV  
  46  4:27  SCV  
  51  4:32  Marine  
  51  4:37  SCV  
  53  4:39  SCV  
  54  4:52  Supply Depot  
  54  4:54  Command Center  
  54  5:04  Unknown  
  54  5:06  Supply Depot  
  54  5:07  Supply Depot  
  54  5:09  Refinery x2  
  54  5:14  SCV x2, Hellion, Marine  
  59  5:18  Liberator  
  47  5:37  Hellion  
  48  5:49  Factory  
  48  5:51  Starport  
  48  5:52  Barracks Tech Lab, Barracks  
  48  5:54  Barracks  
  48  5:57  SCV x2  
  50  6:09  SCV x2, Hellion  
  54  6:17  Orbital Command  
  54  6:21  SCV x2, Refinery  
  54  6:22  Refinery  
  54  6:25  Raven  
  52  6:42  SCV  
  52  6:44  Hellion  
  50  6:56  SCV  
  50  6:57  SCV  
  49  7:09  SCV x2, Factory Tech Lab  
  49  7:10  Factory Tech Lab, Starport Tech Lab  
  49  7:12  Barracks Reactor, Marine, Orbital Command  
  49  7:13  Barracks Tech Lab  
  47  7:21  SCV  
  47  7:25  SCV  
  47  7:27  Liberator  
  46  7:30  Marine  
  46  7:33  SCV  
  48  7:37  SCV  
  48  7:41  SCV  
  48  7:43  Cyclone x2  
  56  7:45  SCV  
  56  7:49  SCV  
  61  7:57  SCV  
  63  8:01  SCV  
  62  8:09  SCV  
  54  8:13  SCV  
  53  8:21  SCV  
Tags
 
Add a new tag
Caveats
  • Supply blocks, unpowered buildings, or Contaminate may cause inaccurate times.
  • Supply counts are checked every 10 seconds.